Map: Abyssal Reef LE

Players

Raphtor

  • Race: Zerg Zerg
  • League: Master
  • Spawn Location: 11:00

Railgan - Winner!

  • Race: Zerg Zerg
  • League: Grandmaster
  • Spawn Location: 5:00

VOD

Have the link to the VOD?

Description

Time

  • Played on: March 24, 2017, 5:02 p.m.
  • Length: 3:43
Show
View Real Time Build Order
Export as new Build Order

Raphtor Zerg 

Build Orders: Hatch First 

Get SALT Encoding   

  12  0:00  Drone  
  13  0:12  Overlord  
  13  0:17  Drone  
  14  0:31  Drone x2  
  14  0:35  Drone  
  17  0:52  Hatchery  
  17  0:55  Drone  
  17  1:01  Drone  
  18  1:10  Extractor  
  17  1:14  Spawning Pool  
  17  1:17  Drone  
  17  1:20  Drone  
  18  1:29  Drone  
  19  1:40  Overlord  
  19  2:01  Queen  
  19  2:03  Zergling x4  
  19  2:05  Zergling x2  
  26  2:21  Zergling x4  
  24  2:34  Zergling x4  
  20  2:51  Queen  
  20  2:52  Spine Crawler  
  23  3:10  Zergling x4  
  23  3:11  Zergling x2  
Show
View Real Time Build Order
Export as new Build Order

Railgan Zerg - Winner!

Build Orders: Pool Only 

Get SALT Encoding   

  12  0:18  Spawning Pool  
  11  0:22  Drone  
  11  0:26  Drone  
  13  0:31  Drone  
  14  0:40  Overlord  
  14  0:44  Extractor  
  13  1:05  Zergling x6  
  13  1:06  Queen  
  18  1:16  Zergling x2  
  19  1:28  Zergling x2  
  20  1:38  Zergling x2  
  21  1:49  Zergling x2  
  21  1:51  Metabolic Boost  
  22  2:03  Overlord  
  22  2:23  Baneling Nest, Zergling x8  
  22  2:29  Zergling x2  
  24  2:46  Zergling x2  
  24  2:54  Drone x2  
  24  2:55  Zergling x4  
  28  3:06  Zergling x2  
  28  3:11  Baneling x4  
  29  3:13  Baneling  
  29  3:15  Baneling  
  29  3:18  Baneling  
Tags
 
Add a new tag
Caveats
  • Supply blocks, unpowered buildings, or Contaminate may cause inaccurate times.
  • Supply counts are checked every 10 seconds.